 Dungeon Crawl Stone Soup version 0.26-a0-412-ga3d1f51b80 (webtiles) character file.

Game seed: 7651736586172582790

149 MrRokkomies the Chiller (level 4, -13/36 HPs)
             Began as a Demigod Ice Elementalist on July 24, 2020.
             Mangled by an ogre
             ... wielding a +0 giant club
              (20 damage)
             ... on level 4 of the Dungeon.
             The game lasted 00:07:55 (3544 turns).

MrRokkomies the Chiller (Demigod Ice Elementalist)  Turns: 3544, Time: 00:07:56

Health: -13/36     AC:  6    Str: 11    XL:     4   Next: 82%
Magic:  9/9        EV:  8    Int: 21    God:
Gold:   161        SH: 10    Dex: 16    Spells: 2/6 levels left

rFire    . . .     SeeInvis .   k - +1 dagger (vamp)
rCold    . . .     Faith    .   f - +2 kite shield
rNeg     . . .     Spirit   .   i - +0 ring mail
rPois    .         Reflect  .   c - +0 helmet
rElec    .         Harm     .   (no cloak)
rCorr    .                      (no gloves)
MR       .....                  (no boots)
Stlth    +.........             (no amulet)
HPRegen  0.12/turn              p - ring of wizardry
MPRegen  0.11/turn              (no ring)

@: very slightly contaminated
A: high mp 1
a: no special abilities


You were on level 4 of the Dungeon.
You visited 1 branch of the dungeon, and saw 4 of its levels.

You collected 161 gold pieces.

Inventory:

Hand Weapons
 k - a +1 vampiric dagger (weapon)
Missiles
 s - 5 poisoned darts (quivered)
Armour
 a - a +0 robe
 c - a +0 helmet (worn)
 f - a +2 kite shield (worn)
 i - a +0 ring mail (worn)
Jewellery
 p - a ring of wizardry (left hand)
 t - an uncursed ring of stealth {unknown}
Scrolls
 j - a scroll of fear {unknown}
 n - 4 scrolls of amnesia {unknown}
 q - a scroll of remove curse
Potions
 b - a potion of heal wounds {unknown}
 d - 2 potions of curing {unknown}
 g - 2 potions of stabbing {unknown}
 h - 2 potions of degeneration {unknown}
 l - a potion of haste {unknown}
 m - 2 potions of mutation {unknown}
 o - a potion of invisibility {unknown}
 r - a potion of lignification {unknown}


   Skills:
 + Level 1.8 Fighting
 - Level 1.9 Dodging
 - Level 1.7 Stealth
 * Level 2.4 Shields
 - Level 1.7 Spellcasting
 * Level 4.6 Ice Magic


You had 2 spell levels left.
You knew the following spells:

 Your Spells              Type           Power        Failure   Level
a - Freeze                Ice            ###.         12%         1
b - Frozen Ramparts       Ice            ###...       32%         3

Your spell library contained the following spells:

 Spells                   Type           Power        Failure   Level
 Ozocubu's Armour         Ice            ###.....     32%         3
 Hailstorm                Conj/Ice       ##......     94%         4
 Summon Ice Beast         Ice/Summ       ##......     94%         4


Dungeon Overview and Level Annotations

Branches:
Dungeon (4/15)             Temple (0/1) D:4

Shops:
D:4 (


Innate Abilities, Weirdness & Mutations

You have an increased reservoir of magic. (+10% MP)


Message History

You hear the slow rusting of a distant drain.
The ogre looks more healthy.
Found Dud Fuly's Antique Weapon Emporium.
Okay, then.
Unknown command.
Throwing (i - inventory)
s - 7 poisoned darts (quivered)
Press: ? - help, Shift-Dir - straight line, f/p - ogre
Aim: an ogre, wielding a +0 giant club (severely wounded)
You throw a poisoned dart. The poisoned dart hits the ogre.
The ogre is severely wounded.
The ogre barely misses you.
Throwing (i - inventory)
s - 6 poisoned darts (quivered)
Press: ? - help, Shift-Dir - straight line, f/p - ogre
Aim: an ogre, wielding a +0 giant club (severely wounded)
You throw a poisoned dart. The poisoned dart hits the ogre.
The ogre is poisoned.
The ogre is severely wounded.
The ogre hits you with a +0 giant club!!
Ouch! That really hurt!
You die...

#......(.##### #.#,*,# *,******
#........# #(#,*.###,,,,,,,
#........#######.#,*...#*,,,,,,
#.......(........#,#...,,,,,,,,
########.........#,..#,,,,,,,,,
#..(......##..####.,,,,,
#...........7......,,,,,
#......[O#7.\.7**,,,,,,,
#......@.#..7...#,,,,,,,
#........#.#.......,,,,,
*********#........#.####.#..,,,,,
,,,,,,,...........#.# *,#*.,,,,,
*******########.....# *,,,,,****
* ####### ******* * * *


You could see an ogre (poisoned).

Vanquished Creatures
  A howler monkey (D:3)
  4 adders (D:3)
  2 worms (D:3)
  4 leopard geckos
  7 orcs (D:3)
  3 giant cockroaches
  2 goblins
  6 hobgoblins
  7 kobolds
  2 quokkas (D:3)
  7 bats
  6 frilled lizards
  A quokka skeleton (D:4)
  10 rats
62 creatures vanquished.

Notes
Turn   | Place    | Note
-------+----------+-------------------------------------------
     0 | D:1      | MrRokkomies the Demigod Ice Elementalist began the quest
                  | for the Orb.
     0 | D:1      | Reached XP level 1. HP: 14/14 MP: 5/5
   353 | D:1      | Reached XP level 2. HP: 11/22 MP: 7/7
   704 | D:1      | Reached skill level 1 in Fighting
  1211 | D:2      | Reached skill level 4 in Ice Magic
  1409 | D:2      | Reached skill level 1 in Shields
  1543 | D:3      | Found a faded altar of an unknown god.
  1609 | D:3      | Reached XP level 3. HP: 9/28 MP: 8/8
  2453 | D:3      | Reached XP level 4. HP: 20/35 MP: 9/9
  2469 | D:3      | Learned a level 3 spell: Frozen Ramparts
  3516 | D:4      | Noticed an ogre
  3535 | D:4      | Found Dud Fuly's Antique Weapon Emporium.
  3544 | D:4      | Mangled by an ogre

Illustrated notes

Levels and vault maps discovered:
D:1:      heliophobic_arrival_glass_houses, layout_basic, st_stairs_10
D:2:      layout_basic
D:3:      layout_basic, chequers_ecumenical_altar_simple, grunt_ministairs_12
D:4:      layout_basic, temple_green, portal_sewer_entry_e, serial_shops,
          nicolae_shop_trees, shop

Skill      XL: |  1  2  3 |
---------------+----------+-----
Fighting       | 1 |  1.8
Ice Magic      | 4 |  4.6
Shields        | 1 2 |  2.4
Dodging        | |  1.9
Stealth        | |  1.7
Spellcasting   | |  1.7

Action                   |  1- 3 |  4- 6 || total
-------------------------+-------+-------++-------
Melee: Mace              |    25 |       ||    25
       Whip              |    75 |       ||    75
       Dagger            |   131 |    86 ||   217
Throw: Dart              |       |     7 ||     7
 Cast: Freeze            |     6 |       ||     6
       Frozen Ramparts   |       |     2 ||     2
  Use: Scroll            |     7 |     2 ||     9
       Potion            |     1 |       ||     1
 Stab: Sleeping          |     3 |     1 ||     4
Armor: Ring mail         |    69 |    25 ||    94
       Robe              |     6 |       ||     6
Dodge: Dodged            |    90 |    31 ||   121
Block: Kite shield       |   109 |    49 ||   158

Table legend: (Time is in decaauts)
 A = Elapsed time spent in this place.
 B = Non-inter-level travel time spent in this place.
 C = Inter-level travel time spent in this place.
 D = Time resting spent in this place.
 E = Time spent auto-exploring this place.
 F = Levels seen in this place.
 G = Mean time per level.
                   A        B        C        D        E       F      G
               +--------+--------+--------+--------+--------+-----+--------+
         Total |   3587 |   3471 |    116 |    699 |   1988 |   4 |  896.8 |
       Dungeon |   3587 |   3471 |    116 |    699 |   1988 |   4 |  896.8 |
               +--------+--------+--------+--------+--------+-----+--------+

Top non-repeatable levels by time:
     D:3: 1930 daAuts
     D:1: 904 daAuts
     D:2: 643 daAuts
     D:4: 109 daAuts
